| TOP OF THE 1ST |
|
Erie SeaWolves batting - Pitching for Akron RubberDucks : RHP Andy Coats
|
|
Pitching: RHP Andy Coats
|
|
|
Batting: LHB Freddy Troncoso
|
0-0: Ball 1-0: Bunted foul 1-1: Fly out, F4 (Popup, 4M, EV 30.0 MPH)
|
|
Batting: LHB Adam Lancaster
|
0-0: DOUBLE (Groundball, 3L, EV 98.1 MPH)
|
|
Batting: RHB Steve Clark
|
0-0: Ball 1-0: SINGLE (Line Drive, 89S, EV 100.6 MPH) Adam Lancaster to third
|
|
Batting: RHB Dan Becvar
|
0-0: Called Strike 0-1: Foul Ball, location: 2F 0-2: Foul Ball, location: 2F 0-2: SINGLE (Groundball, 6MD, EV 98.1 MPH) (infield hit) Adam Lancaster scores Steve Clark to second
|
|
Batting: LHB Takuya Uchida
|
0-0: Ball 1-0: Called Strike 1-1: Ball 2-1: Ball 3-1: Fielders Choice at 2nd, 1-6 (Groundball, 34S, EV 76.3 MPH) Steve Clark to third
|
|
Batting: RHB Jordan Mejias
|
0-0: Ball 1-0: Foul Ball, location: 2F 1-1: Ball 2-1: Called Strike 2-2: Ground out 3-1 (Groundball, 34S, EV 83.8 MPH)
|
| Top of the 1st over - 1 run, 3 hits, 0 errors, 2 left on base; Erie 1 - Akron 0 |
| BOTTOM OF THE 1ST |
|
Akron RubberDucks batting - Pitching for Erie SeaWolves : LHP Valentin Ciubotariu
|
|
Pitching: LHP Valentin Ciubotariu
|
|
|
Batting: RHB Christian Blue
|
0-0: Ball 1-0: Ball 2-0: Called Strike 2-1: Ball 3-1: Foul Ball, location: 2F 3-2: Strikes out swinging
|
|
Batting: SHB Arturo Baez
|
0-0: Ball 1-0: Ball 2-0: Called Strike 2-1: SINGLE (Groundball, P, EV 86.9 MPH) (infield hit)
|
|
Batting: LHB Nick Welling
|
0-0: Called Strike 0-1: Called Strike 0-2: Ground out U3 (Groundball, 3L, EV 100.6 MPH) Arturo Baez to second
|
|
Batting: RHB Mike Plugge
|
0-0: Ball 1-0: Ball 2-0: Ball 3-0: Called Strike 3-1: Base on Balls
|
|
Batting: RHB Greg Harden
|
0-0: Ball 1-0: Fly out, F8 (Flyball, 8LS, EV 93.8 MPH)
|
| Bottom of the 1st over - 0 runs, 1 hit, 0 errors, 2 left on base; Erie 1 - Akron 0 |
| TOP OF THE 2ND |
|
Erie SeaWolves batting - Pitching for Akron RubberDucks : RHP Andy Coats
|
|
Batting: LHB Oscar Gonzalez
|
0-0: Called Strike 0-1: Ball 1-1: Ground out 6-3 (Groundball, 6, EV 82.5 MPH)
|
|
Batting: LHB Luis Dominguez
|
0-0: Called Strike 0-1: Foul Ball, location: 2F 0-2: Ground out U3 (Groundball, 3, EV 101.3 MPH)
|
|
Batting: RHB Vince Chipman
|
0-0: Called Strike 0-1: Foul Ball, location: 2F 0-2: Foul Ball, location: 2F 0-2: Strikes out looking
|
| Top of the 2nd over - 0 runs, 0 hits, 0 errors, 0 left on base; Erie 1 - Akron 0 |
| BOTTOM OF THE 2ND |
|
Akron RubberDucks batting - Pitching for Erie SeaWolves : LHP Valentin Ciubotariu
|
|
Pitching: LHP Travis Sergo
|
|
|
Batting: RHB Harris Leroux
|
0-0: SINGLE (Groundball, 6MD, EV 100.6 MPH)
|
|
Batting: RHB Reynaldo Herrera
|
0-0: Swinging Strike 0-1: Foul Ball, location: 2F 0-2: Grounds into double play, 6-4-3 (Groundball, 6S, EV 88.8 MPH)
|
|
Batting: RHB Edwin Rivera
|
0-0: Ball 1-0: Foul Ball, location: 2F 1-1: Called Strike 1-2: Ball 2-2: Ball 3-2: Foul Ball, location: 2F 3-2: Strikes out swinging
|
| Bottom of the 2nd over - 0 runs, 1 hit, 0 errors, 0 left on base; Erie 1 - Akron 0 |
| TOP OF THE 3RD |
|
Erie SeaWolves batting - Pitching for Akron RubberDucks : RHP Andy Coats
|
|
Batting: LHB Freddy Troncoso
|
0-0: Ball 1-0: Called Strike 1-1: Foul Ball, location: 2F 1-2: Foul Ball, location: 2F 1-2: Foul Ball, location: 2F 1-2: Ball 2-2: Fly out, F5 (Popup, 15, EV 87.5 MPH)
|
|
Batting: LHB Adam Lancaster
|
0-0: Ground out 5-3 (Groundball, 56, EV 99.4 MPH)
|
|
Batting: RHB Steve Clark
|
0-0: Ball 1-0: Fly out, F9 (Flyball, 9LS, EV 90.6 MPH)
|
| Top of the 3rd over - 0 runs, 0 hits, 0 errors, 0 left on base; Erie 1 - Akron 0 |
| BOTTOM OF THE 3RD |
|
Akron RubberDucks batting - Pitching for Erie SeaWolves : LHP Travis Sergo
|
|
Batting: RHB Michael Meyers
|
0-0: Foul Ball, location: 2F 0-1: Ball 1-1: Ground out 5-3 (Groundball, 56S, EV 70.6 MPH)
|
|
Batting: RHB Christian Blue
|
0-0: Called Strike 0-1: Ball 1-1: Foul Ball, location: 2F 1-2: Ground out 3-1 (Groundball, 34, EV 87.5 MPH)
|
|
Batting: SHB Arturo Baez
|
0-0: Ball 1-0: Ball 2-0: Ball 3-0: Called Strike 3-1: Base on Balls
|
|
Batting: LHB Nick Welling
|
0-0: Ball Arturo Baez is caught stealing 2nd base 2-6
|
| Bottom of the 3rd over - 0 runs, 0 hits, 0 errors, 0 left on base; Erie 1 - Akron 0 |
| TOP OF THE 4TH |
|
Erie SeaWolves batting - Pitching for Akron RubberDucks : RHP Andy Coats
|
|
Batting: RHB Dan Becvar
|
0-0: Swinging Strike 0-1: Foul Ball, location: 2F 0-2: Foul Ball, location: 2F 0-2: Strikes out swinging
|
|
Batting: LHB Takuya Uchida
|
0-0: Ball 1-0: Ball 2-0: DOUBLE (Flyball, 89XD, EV 94.4 MPH)
|
|
Batting: RHB Jordan Mejias
|
0-0: Foul Ball, location: 2F 0-1: Ball 1-1: Foul Ball, location: 2F 1-2: Strikes out swinging
|
|
Batting: LHB Oscar Gonzalez
|
0-0: Called Strike 0-1: Ball 1-1: Ball 2-1: Foul Ball, location: 2F 2-2: Ground out U3 (Groundball, 34S, EV 73.8 MPH)
|
| Top of the 4th over - 0 runs, 1 hit, 0 errors, 1 left on base; Erie 1 - Akron 0 |
| BOTTOM OF THE 4TH |
|
Akron RubberDucks batting - Pitching for Erie SeaWolves : LHP Travis Sergo
|
|
Batting: LHB Nick Welling
|
0-0: Ground out U3 (Groundball, 3L, EV 102.5 MPH)
|
|
Batting: RHB Mike Plugge
|
0-0: Swinging Strike 0-1: Ball 1-1: Swinging Strike 1-2: Ball 2-2: Ball 3-2: Strikes out looking
|
|
Batting: RHB Greg Harden
|
0-0: Ball 1-0: Foul Ball, location: 2F 1-1: Foul Ball, location: 2F 1-2: Strikes out swinging, 2-3 out at first.
|
| Bottom of the 4th over - 0 runs, 0 hits, 0 errors, 0 left on base; Erie 1 - Akron 0 |
| TOP OF THE 5TH |
|
Erie SeaWolves batting - Pitching for Akron RubberDucks : RHP Andy Coats
|
|
Batting: LHB Luis Dominguez
|
0-0: Called Strike 0-1: TRIPLE (Flyball, 7D, EV 106.9 MPH)
|
|
Batting: RHB Vince Chipman
|
0-0: Ball 1-0: Ground out 6-3 (Groundball, 56, EV 84.4 MPH)
|
|
Batting: LHB Freddy Troncoso
|
0-0: Foul Ball, location: 2F 0-1: Ball 1-1: Called Strike 1-2: Ground out 5-3 (Groundball, 56S, EV 89.4 MPH)
|
|
Batting: LHB Adam Lancaster
|
0-0: Called Strike 0-1: Ball 1-1: Called Strike 1-2: Ground out U3 (Groundball, 3, EV 81.9 MPH)
|
| Top of the 5th over - 0 runs, 1 hit, 0 errors, 1 left on base; Erie 1 - Akron 0 |
| BOTTOM OF THE 5TH |
|
Akron RubberDucks batting - Pitching for Erie SeaWolves : LHP Travis Sergo
|
|
Pitching: LHP Bryan Gagnon
|
|
|
Batting: RHB Harris Leroux
|
0-0: Called Strike 0-1: DOUBLE (Line Drive, 7LS, EV 87.5 MPH)
|
|
Batting: RHB Reynaldo Herrera
|
0-0: Swinging Strike 0-1: Foul Ball, location: 2F 0-2: Strikes out swinging
|
|
Batting: RHB Edwin Rivera
|
0-0: Ball 1-0: Ball 2-0: Called Strike 2-1: Called Strike 2-2: Ball 3-2: Ground out 5-3 (Groundball, 5, EV 109.4 MPH)
|
|
Batting: RHB Michael Meyers
|
0-0: Called Strike 0-1: Ground out 6-3 (Groundball, 6, EV 84.4 MPH)
|
| Bottom of the 5th over - 0 runs, 1 hit, 0 errors, 1 left on base; Erie 1 - Akron 0 |
| TOP OF THE 6TH |
|
Erie SeaWolves batting - Pitching for Akron RubberDucks : RHP Andy Coats
|
|
Batting: RHB Steve Clark
|
0-0: Called Strike 0-1: Ball 1-1: Foul Ball, location: 2F 1-2: Ball 2-2: Ball 3-2: Foul Ball, location: 2F 3-2: Foul Ball, location: 2F 3-2: Base on Balls
|
|
Batting: RHB Dan Becvar
|
0-0: Called Strike 0-1: Foul Ball, location: 2F 0-2: Strikes out swinging
|
|
Batting: LHB Takuya Uchida
|
0-0: Called Strike 0-1: Ball 1-1: Swinging Strike 1-2: Foul Ball, location: 2F 1-2: Ball 2-2: Ball 3-2: Foul Ball, location: 2F 3-2: Strikes out swinging
|
|
Pitching: RHP Jay Cowgill
|
|
|
Batting: RHB Jordan Mejias
|
0-0: Ball 1-0: Called Strike 1-1: Ball 2-1: Called Strike 2-2: Strikes out swinging
|
| Top of the 6th over - 0 runs, 0 hits, 0 errors, 1 left on base; Erie 1 - Akron 0 |
| BOTTOM OF THE 6TH |
|
Akron RubberDucks batting - Pitching for Erie SeaWolves : LHP Bryan Gagnon
|
|
Batting: RHB Christian Blue
|
0-0: Foul Ball, location: 2F 0-1: Ball 1-1: SINGLE (Groundball, 34D, EV 108.1 MPH) (infield hit)
|
|
Batting: SHB Arturo Baez
|
0-0: Ball 1-0: Called Strike 1-1: Ball 2-1: Foul Ball, location: 2F 2-2: Foul Ball, location: 2F 2-2: Foul Ball, location: 2F 2-2: Foul Ball, location: 2F 2-2: Ball 3-2: Grounds into double play, 6-4-3 (Groundball, 6, EV 85.0 MPH)
|
|
Pitching: RHP Bryan Hallman
|
|
|
Batting: LHB Nick Welling
|
0-0: Swinging Strike 0-1: Called Strike 0-2: Fly out, F8 (Flyball, 8LD, EV 93.1 MPH)
|
| Bottom of the 6th over - 0 runs, 1 hit, 0 errors, 0 left on base; Erie 1 - Akron 0 |
| TOP OF THE 7TH |
|
Erie SeaWolves batting - Pitching for Akron RubberDucks : RHP Jay Cowgill
|
|
Batting: LHB Oscar Gonzalez
|
0-0: Called Strike 0-1: Ball 1-1: Foul Ball, location: 2F 1-2: Foul Ball, location: 2F 1-2: Ball 2-2: Reached on error, E6 (Groundball, 6, EV 92.5 MPH)
|
|
Batting: LHB Luis Dominguez
|
0-0: Bunt missed! 0-1: Bunted foul 0-2: DOUBLE (Flyball, 8LD, EV 90.0 MPH) Oscar Gonzalez to third
|
|
Batting: RHB Vince Chipman
|
0-0: Swinging Strike 0-1: Ball 1-1: Ground out 6-3 (Groundball, 56, EV 90.0 MPH)
|
|
Batting: LHB Freddy Troncoso
|
0-0: Intentional Walk
|
|
Batting: LHB Adam Lancaster
|
0-0: Called Strike 0-1: Swinging Strike 0-2: Foul Ball, location: 2F 0-2: Ball 1-2: Strikes out swinging
|
|
Batting: RHB Steve Clark
|
0-0: Called Strike 0-1: Called Strike 0-2: Foul Ball, location: 2F 0-2: DOUBLE (Groundball, 5L, EV 97.5 MPH) Oscar Gonzalez scores Luis Dominguez scores Freddy Troncoso to third Runner from 3rd tries for Home, SAFE, no throw by LF
|
|
Pitching: LHP Terry LaPlante
|
|
|
Batting: RHB Dan Becvar
|
0-0: Ground out 1-3 (Groundball, 13S, EV 67.5 MPH)
|
| Top of the 7th over - 3 runs, 2 hits, 1 error, 1 left on base; Erie 4 - Akron 0 |
| BOTTOM OF THE 7TH |
|
Akron RubberDucks batting - Pitching for Erie SeaWolves : RHP Bryan Hallman
|
|
Batting: RHB Mike Plugge
|
0-0: Ball 1-0: Called Strike 1-1: Foul Ball, location: 2F 1-2: Ball 2-2: SINGLE (Groundball, 34D, EV 100.6 MPH)
|
|
Batting: RHB Greg Harden
|
0-0: Ball 1-0: Called Strike 1-1: Foul Ball, location: 2F 1-2: Foul Ball, location: 2F 1-2: Fly out, F3 (Popup, 23F, EV 90.6 MPH)
|
|
Batting: RHB Harris Leroux
|
0-0: Ball 1-0: Ball 2-0: Foul Ball, location: 2F 2-1: SINGLE (Groundball, 34D, EV 98.1 MPH) Mike Plugge to second Runner from 2nd tries for 3rd, SAFE, throw by RF made to third
|
|
Batting: RHB Reynaldo Herrera
|
0-0: Ball 1-0: Ball 2-0: Swinging Strike 2-1: SINGLE (Groundball, 15S, EV 64.4 MPH) (infield hit) Harris Leroux to second
|
|
Batting: RHB Edwin Rivera
|
0-0: Ball 1-0: Called Strike 1-1: Ball 2-1: Foul Ball, location: 2F 2-2: Ball 3-2: Foul Ball, location: 2F 3-2: SINGLE (Groundball, 4MD, EV 108.8 MPH) Mike Plugge scores Harris Leroux to third Reynaldo Herrera to second Runner from 3rd tries for Home, SAFE, throw by CF to home
|
|
Pinch Hitting: LHB Corey Trevor
|
0-0: Ball 1-0: Fly out, F3 (Flyball, 3D, EV 90.6 MPH)
|
|
Batting: RHB Christian Blue
|
0-0: Swinging Strike Passed Ball! Reynaldo Herrera to third Edwin Rivera to second 0-1: Ground out 4-3 (Groundball, 4, EV 95.0 MPH)
|
| Bottom of the 7th over - 2 runs, 4 hits, 0 errors, 2 left on base; Erie 4 - Akron 2 |
| TOP OF THE 8TH |
|
Erie SeaWolves batting - Pitching for Akron RubberDucks : LHP Terry LaPlante
|
|
Now at 3B: Christian Blue
|
|
|
Now at SS: Hieronim Rutkowski
|
|
|
Batting: LHB Takuya Uchida
|
0-0: Ball 1-0: Called Strike 1-1: Swinging Strike 1-2: Fly out, F7 (Line Drive, 7, EV 91.9 MPH)
|
|
Batting: RHB Jordan Mejias
|
0-0: Called Strike 0-1: Ground out 6-3 (Groundball, 6, EV 85.0 MPH)
|
|
Batting: LHB Oscar Gonzalez
|
0-0: Called Strike 0-1: Ground out 4-3 (Groundball, 4, EV 107.5 MPH)
|
| Top of the 8th over - 0 runs, 0 hits, 0 errors, 0 left on base; Erie 4 - Akron 2 |
| BOTTOM OF THE 8TH |
|
Akron RubberDucks batting - Pitching for Erie SeaWolves : RHP Bryan Hallman
|
|
Pitching: RHP Juan Cornejo
|
|
|
Batting: SHB Arturo Baez
|
0-0: Foul Ball, location: 2F 0-1: Ball 1-1: Foul Ball, location: 2F 1-2: Foul Ball, location: 2F 1-2: Hit by Pitch
|
|
Batting: LHB Nick Welling
|
0-0: Ball 1-0: Called Strike 1-1: Foul Ball, location: 2F 1-2: Foul Ball, location: 2F 1-2: Ball 2-2: Foul Ball, location: 2F 2-2: Foul Ball, location: 2F 2-2: Foul Ball, location: 2F 2-2: Foul Ball, location: 2F 2-2: DOUBLE (Groundball, 3L, EV 103.1 MPH) Arturo Baez to third
|
|
Batting: RHB Mike Plugge
|
0-0: SINGLE (Groundball, 4MS, EV 94.4 MPH) Arturo Baez scores Nick Welling to third
|
|
Batting: RHB Greg Harden
|
0-0: Swinging Strike 0-1: Ball 1-1: Foul Ball, location: 2F 1-2: Ball 2-2: Ball 3-2: Foul Ball, location: 2F 3-2: Foul Ball, location: 2F 3-2: Strikes out swinging
|
|
Batting: RHB Harris Leroux
|
0-0: Fly out, F9 (Flyball, 89XD, EV 99.4 MPH) Runner from 3rd tags up, SCORES, no throw by RF
|
|
Batting: RHB Reynaldo Herrera
|
0-0: Called Strike 0-1: Ball 1-1: Foul Ball, location: 2F 1-2: Foul Ball, location: 2F 1-2: Strikes out swinging
|
| Bottom of the 8th over - 2 runs, 2 hits, 0 errors, 1 left on base; Erie 4 - Akron 4 |
| TOP OF THE 9TH |
|
Erie SeaWolves batting - Pitching for Akron RubberDucks : LHP Terry LaPlante
|
|
Pitching: RHP Corey Rizzuto
|
|
|
Batting: LHB Luis Dominguez
|
0-0: Called Strike 0-1: Ball 1-1: Fly out, F8 (Line Drive, 8RD, EV 98.1 MPH)
|
|
Batting: RHB Vince Chipman
|
0-0: Ball 1-0: Ball 2-0: Foul Ball, location: 2F 2-1: Ball 3-1: Ground out 5-3 (Groundball, 56S, EV 88.1 MPH)
|
|
Batting: LHB Freddy Troncoso
|
0-0: Fly out, F8 (Flyball, 8RD, EV 90.0 MPH)
|
| Top of the 9th over - 0 runs, 0 hits, 0 errors, 0 left on base; Erie 4 - Akron 4 |
| BOTTOM OF THE 9TH |
|
Akron RubberDucks batting - Pitching for Erie SeaWolves : RHP Juan Cornejo
|
|
Batting: RHB Edwin Rivera
|
0-0: Swinging Strike 0-1: Called Strike 0-2: Strikes out swinging
|
|
Batting: RHB Hieronim Rutkowski
|
0-0: Foul Ball, location: 2F 0-1: Ball 1-1: Ball 2-1: DOUBLE (Flyball, 9LM, EV 101.3 MPH)
|
|
Batting: RHB Christian Blue
|
0-0: Intentional Walk
|
|
Batting: SHB Arturo Baez
|
0-0: Foul Ball, location: 2F 0-1: Foul Ball, location: 2F 0-2: Ball 1-2: Foul Ball, location: 2F 1-2: Foul Ball, location: 2F 1-2: Foul Ball, location: 2F 1-2: Foul Ball, location: 2F 1-2: Strikes out swinging
|
|
Batting: LHB Nick Welling
|
0-0: Ball 1-0: Called Strike 1-1: Ball 2-1: Ground out U3 (Groundball, 3, EV 86.9 MPH)
|
| Bottom of the 9th over - 0 runs, 1 hit, 0 errors, 2 left on base; Erie 4 - Akron 4 |
| TOP OF THE 10TH |
|
Erie SeaWolves batting - Pitching for Akron RubberDucks : RHP Corey Rizzuto
|
|
Batting: LHB Adam Lancaster
|
0-0: Ground out 4-3 (Groundball, 4D, EV 103.1 MPH)
|
|
Batting: RHB Steve Clark
|
0-0: Ball 1-0: Ball 2-0: Foul Ball, location: 2F 2-1: Called Strike 2-2: Foul Ball, location: 2F 2-2: Foul Ball, location: 2F 2-2: Ball 3-2: Base on Balls
|
|
Batting: RHB Dan Becvar
|
0-0: Called Strike 0-1: Foul Ball, location: 2F 0-2: TRIPLE (Flyball, 9D, EV 109.4 MPH) Steve Clark scores
|
|
Batting: LHB Takuya Uchida
|
0-0: Intentional Walk
|
|
Batting: LHB Gabe Mendez
|
0-0: Foul Ball, location: 2F 0-1: Called Strike 0-2: Ball 1-2: Ball 2-2: Ground out U3 (Groundball, 3, EV 90.6 MPH) Takuya Uchida to second
|
|
Batting: LHB Oscar Gonzalez
|
0-0: Foul Ball, location: 2F 0-1: Ball 1-1: Ball 2-1: Called Strike 2-2: Strikes out swinging
|
| Top of the 10th over - 1 run, 1 hit, 0 errors, 2 left on base; Erie 5 - Akron 4 |
| BOTTOM OF THE 10TH |
|
Akron RubberDucks batting - Pitching for Erie SeaWolves : RHP Juan Cornejo
|
|
Now in LF: Ken DiFerdinando
|
|
|
Batting: RHB Mike Plugge
|
0-0: Called Strike 0-1: Ball 1-1: Foul Ball, location: 2F 1-2: Ball 2-2: Strikes out swinging
|
|
Pitching: RHP Luke Totzke
|
|
|
Batting: RHB Greg Harden
|
0-0: Ball 1-0: Ball 2-0: Foul Ball, location: 2F 2-1: Called Strike 2-2: Ball 3-2: Strikes out swinging
|
|
Batting: RHB Harris Leroux
|
0-0: Foul Ball, location: 2F 0-1: Foul Ball, location: 2F 0-2: Ball 1-2: Strikes out swinging
|
| Bottom of the 10th over - 0 runs, 0 hits, 0 errors, 0 left on base; Erie 5 - Akron 4 |
|